 Dungeon Crawl Stone Soup version 0.27-a0-216-g1fbed8a51c (webtiles) character file.

Game seed: 17577327916925200478

6484 xzyl the Basher (level 10, -13/78 HPs)
             Began as a Minotaur Berserker on Jan 31, 2021.
             Was a High Priest of Trog.
             Mangled by Erolcha
             ... wielding a +0 giant club
              (27 damage)
             ... on level 11 of the Dungeon.
             The game lasted 02:12:07 (10154 turns).

xzyl the Basher (Minotaur Berserker)               Turns: 10154, Time: 02:12:08

Health: -13/78     AC: 12    Str: 21    XL:     10   Next: 68%
Magic:  3/3        EV: 10    Int:  4    God:    Trog [*****.]
Gold:   384        SH: 12    Dex: 14    Spells: 9/9 levels left

rFire    . . .     SeeInvis .   c - +0 demon whip (antimagic)
rCold    . . .     Faith    .   s - +0 kite shield
rNeg     . . .     Spirit   .   h - +0 plate armour
rPois    .         Reflect  .   (helmet restricted)
rElec    .         Harm     .   (no cloak)
rCorr    +         Rampage  .   (no gloves)
Will     .....                  (no boots)
Stlth    ..........             p - amulet of the acrobat
HPRegen  0.23/turn              e - ring of stealth
MPRegen  0.08/turn              B - ring of resist corrosion

@: no status effects
A: retaliatory headbutt, horns 2
a: Renounce Religion, Berserk, Trog's Hand, Brothers in Arms


You were on level 11 of the Dungeon.
You worshipped Trog.
Trog was extremely pleased with you.
You visited 1 branch of the dungeon, and saw 11 of its levels.

You collected 609 gold pieces.
You spent 225 gold pieces at shops.

Inventory:

Hand Weapons
 b - the +7 rapier of Distant Worlds {venom, rF+}
   (You found it on level 8 of the Dungeon)

   It poisons the flesh of those it strikes.
   It protects you from fire.
 c - a +0 antimagic demon whip (weapon)
 E - a +5 morningstar of freezing
 J - a +2 whip of flaming
Missiles
 j - 349 stones
 t - 2 boomerangs of dispersal
Armour
 d - a +0 chain mail
 h - a +0 plate armour (worn)
 s - a +0 kite shield (worn)
 u - a +0 barding
 F - a +0 chain mail
 L - a +0 plate armour
 O - a +0 helmet
 V - a +3 ring mail of cold resistance
Jewellery
 e - a ring of stealth (left hand)
 m - an uncursed ring of poison resistance
 p - an amulet of the acrobat (around neck)
 B - a ring of resist corrosion (right hand)
 N - an uncursed ring of fire
 W - a +4 ring of protection {unknown}
Wands
 q - a wand of polymorph (7)
 x - a wand of flame (21)
 y - a wand of iceblast (8)
 P - a wand of charming (17)
 Z - a wand of digging (2)
Scrolls
 f - 8 scrolls of remove curse
 v - a scroll of magic mapping
 w - 2 scrolls of random uselessness
 S - 3 scrolls of identify
 X - 4 scrolls of teleportation
Potions
 a - a potion of resistance {unknown}
 i - 3 potions of lignification
 k - a potion of mutation {unknown}
 l - 4 potions of curing
 n - 3 potions of attraction
 o - a potion of ambrosia
 z - a potion of berserk rage
 A - 2 potions of might
 C - a potion of invisibility {unknown}
 D - 4 potions of flight
 Q - 3 potions of brilliance
Miscellaneous
 g - a phial of floods
 Y - a tin of tremorstones (2/2)


   Skills:
 - Level 3.9 Fighting
 + Level 11.9 Maces & Flails
 * Level 5.9 Armour
 - Level 10.3 Dodging
 - Level 9.6 Shields


You had 9 spell levels left.
You didn't know any spells.
Your spell library contained the following spells:

 Spells                   Type           Power        Failure   Level
 Beastly Appendage        Tmut           0%           100%        1
 Sting                    Tmut/Pois      0%           100%        1


Dungeon Overview and Level Annotations

Branches:
Dungeon (11/15)            Temple (0/1) D:4            Lair (0/6) D:8
    Orc: D:9-12

Altars:
Dithmenos
Gozag
Makhleb
Nemelex Xobeh
Qazlal
Ru
Sif Muna
Trog
Vehumet
Yredelemnul
Zin
The Shining One

Shops:
D:4 (   D:8 *

Annotations:
D:11 Erolcha


Innate Abilities, Weirdness & Mutations

You reflexively headbutt those who attack you in melee.
You have a pair of horns on your head.


Message History

a +0 whip; 3 stones; a kobold corpse
Found 19 poisoned darts.
Something misses you.
You whack something! You headbutt something. You barely miss something.
Something hits you!
You barely miss something. You hit something. Something hits you!!
* * * LOW HITPOINT WARNING * * *
You feel much better. Something hits you!
* * * LOW HITPOINT WARNING * * *
Non-targeted abil: Brothers in Arms
Press: ? - help, Q - select action, (/) - cycle Dir - look around, f - activate You are too injured to fight recklessly!
Things that are here:
a +0 whip; 3 stones; a kobold corpse You hear some strange, mumbled words.
Something tries to affect you, but you resist.
You see here a glowing long sword.
You closely miss something. Something hits you!!
You die...

#..# #.. #... #.# ####.###.#
...# #... ##..# .......#.# ...#
...##..# .......#.## #..# .....#
..........# #..# ##...#######
......÷...# #..# ###†......(.(.
........<.# #..# #.).)......#
.......#### ###..###.#........#
.......# #...@{...#........#
.......# #.#..#####........#
......)## #.##.# #..........
......).# #.##.###...........##
######).#####.##.....##.########
######.........>..###...#
.........##..###.## . ###
..........#.####....#
.......).......#.#..#


There were no monsters in sight!

Vanquished Creatures
  Joseph (D:8)
  Sigmund (D:2)
  A wraith (D:9)
  A water moccasin (D:6)
  3 ice beasts
  2 orc warriors
  An eye of draining (D:11)
  4 phantoms
  3 necrophages
  5 ogres
  10 centaurs
  5 big kobolds
  An elf zombie (D:9)
  5 bullfrogs
  A gnoll sergeant (D:5)
  6 killer bees
  11 wights
  5 howler monkeys
  A bullfrog zombie (D:5)
  3 hounds
  3 jellies
  2 bullfrog skeletons
  4 human zombies (D:9)
  5 orc priests
  3 human skeletons (D:9)
  4 iguanas
  8 orc wizards
  8 worker ants
  3 hound zombies (D:9)
  2 hound skeletons
  A howler monkey zombie (D:9)
  14 adders
  16 gnolls
  A shadow imp (D:6)
  4 white imps
  An ufetubus (D:9)
  3 worms
  An adder skeleton (D:8)
  3 dart slugs
  7 leopard geckos
  32 orcs
  8 bats
  4 bat zombies
  2 giant cockroaches
  8 goblins
  15 hobgoblins
  5 jackals
  29 kobolds
  7 quokkas
  5 ball pythons
  2 frilled lizards (D:1)
  A giant cockroach zombie (D:1)
  An orc zombie (D:9)
  A quokka skeleton (D:7)
  13 rats
  A rat zombie (D:5)
  A bush (D:6)
298 creatures vanquished.

Vanquished Creatures (others)
  2 fungi (D:8)
  4 plants (D:8)
6 creatures vanquished.

Grand Total: 304 creatures vanquished

Notes
Turn   | Place    | Note
-------+----------+-------------------------------------------
     0 | D:1      | xzyl the Minotaur Berserker began the quest for the Orb.
     0 | D:1      | Reached XP level 1. HP: 19/19 MP: 0/0
   209 | D:1      | Reached skill level 4 in Maces & Flails
   209 | D:1      | Reached XP level 2. HP: 26/27 MP: 1/1
   375 | D:1      | Reached XP level 3. HP: 27/33 MP: 2/2
   449 | D:1      | Reached ** piety under Trog
   487 | D:1      | Reached skill level 5 in Maces & Flails
   882 | D:2      | Noticed Sigmund
   892 | D:2      | Killed Sigmund
   893 | D:2      | Reached skill level 7 in Maces & Flails
   893 | D:2      | Reached XP level 4. HP: 40/40 MP: 3/3
   893 | D:2      | Reached XP level 5. HP: 46/46 MP: 4/4
   993 | D:2      | Found a glowing golden altar of the Shining One.
  1341 | D:2      | Found a bloodstained altar of Trog.
  1541 | D:3      | Reached *** piety under Trog
  1551 | D:3      | Reached XP level 6. HP: 48/52 MP: 5/5
  1558 | D:3      | Reached skill level 8 in Maces & Flails
  1901 | D:3      | Noticed an orc warrior
  1913 | D:3      | Killed an orc warrior
  1914 | D:3      | Reached skill level 9 in Maces & Flails
  2670 | D:4      | Found Runucwa's Weapon Emporium.
  2679 | D:4      | Reached XP level 7. HP: 58/58 MP: 6/6
  2693 | D:4      | Reached **** piety under Trog
  2964 | D:4      | Reached skill level 10 in Maces & Flails
  3036 | D:4      | Found a staircase to the Ecumenical Temple.
  3517 | D:5      | Entered Level 5 of the Dungeon
  3856 | D:5      | Reached skill level 11 in Maces & Flails
  3879 | D:5      | Reached XP level 8. HP: 33/66 MP: 7/7
  4131 | D:5      | Found a shimmering blue altar of Sif Muna.
  4137 | D:5      | Identified Sif Muna's Disquisition on Transmigration and
                  | Poison
  4145 | D:5      | Reached skill level 1 in Shields
  4201 | D:5      | Found a bloodstained altar of Trog.
  4485 | D:5      | You fall into a shaft and drop 1 floor!
  4805 | D:6      | Reached skill level 5 in Dodging
  4814 | D:6      | Reached skill level 5 in Shields
  5184 | D:6      | Reached XP level 9. HP: 71/71 MP: 8/8
  5187 | D:6      | Reached ***** piety under Trog
  5751 | D:7      | Upgraded the game from 0.27-a0-203-gd48b2df3c9 to
                  | 0.27-a0-216-g1fbed8a51c
  6146 | D:7      | Found a burning altar of Makhleb.
  6172 | D:7      | You fall into a shaft and drop 2 floors!
  6245 | D:9      | Found a radiant altar of Vehumet.
  6787 | D:9      | Found a basalt altar of Yredelemnul.
  6921 | D:9      | Reached XP level 10. HP: 78/78 MP: 9/9
  7214 | D:9      | Found a shadowy altar of Dithmenos.
  7362 | D:8      | Got an ichor-stained rapier
  7899 | D:7      | Found a sacrificial altar of Ru.
  8165 | D:8      | Found a sparkling altar of Nemelex Xobeh.
  8291 | D:8      | Found a staircase to the Lair.
  8380 | D:8      | Found Usuatar's Assorted Antiques.
  8383 | D:8      | Bought a scroll of identify for 50 gold pieces
  8383 | D:8      | Bought a scroll labelled LOXTEN WIETHU for 25 gold pieces
  8383 | D:8      | Bought a scroll of teleportation for 75 gold pieces
  8383 | D:8      | Bought a potion of curing for 75 gold pieces
  8424 | D:8      | Found a stormy altar of Qazlal.
  8445 | D:8      | Noticed Joseph
  8454 | D:8      | Killed Joseph
  8455 | D:8      | Reached skill level 10 in Dodging
  8456 | D:8      | Found a glowing silver altar of Zin.
  8723 | D:8      | Found an opulent altar of Gozag.
  8870 | D:10     | Entered Level 10 of the Dungeon
  9144 | D:10     | Received a gift from Trog
  9192 | D:10     | Identified the +7 rapier of Distant Worlds {venom, rF+}
                  | (You found it on level 8 of the Dungeon)
  9794 | D:11     | Reached skill level 5 in Armour
 10115 | D:11     | Noticed Erolcha
 10141 | D:11     | HP: 3/78 [something (23)]
 10154 | D:11     | Mangled by Erolcha

Illustrated notes

Levels and vault maps discovered:
D:1:      saegor_arrival_fortress, layout_rooms
D:2:      layout_rooms, overflow_temple_1_default,
          chequers_serial_rivers_room_b, trog_three_pillars_becter, uniq_sigmund
D:3:      minmay_inner_zag, layout_basic
D:4:      layout_loops_ring, minmay_temple_entry_antechambers, serial_shops,
          shop
D:5:      layout_cave_pools, nzn_overflow_gifts_of_might_and_magic,
          lemuel_zombie_altar_kikubaaqudgha
D:6:      layout_cave_pools, kb_lookout_dungeons_type
D:7:      kennysheep_spiral_hall, layout_loops_ring, lemuel_round_altar,
          kennysheep_mini
D:8:      layout_loops_ring, nemelex_xobeh_ov_fountains_minmay,
          kennysheep_little_box, lemuel_crystal_altar, zin_academy,
          dpeg_oklobed_lair, serial_shops, shop_fountains, uniq_joseph
D:9:      layout_loops_cross, lemuel_mausoleum_altar_yredelemnul,
          lemuel_coloured_pillars_altar, vehumet_crystals,
          kennysheep_generic_room_2
D:10:     layout_loops_ring
D:11:     layout_rooms, special_room [special_room_kobold], uniq_erolcha

Skill      XL: |  1  2  3  4  5  6  7  8  9 10 |
---------------+-------------------------------+-----
Maces & Flails | 4 7 9 11 | 11.9
Armour         | 3 5 |  5.9
Dodging        | 5 8 10 | 10.3
Shields        | 5 9 |  9.6
Fighting       | |  3.9

Action                   |  1- 3 |  4- 6 |  7- 9 | 10-12 || total
-------------------------+-------+-------+-------+-------++-------
Melee: Mace              |    56 |    30 |       |       ||    86
       Headbutt          |     5 |    14 |    47 |    56 ||   122
       Broad axe         |       |    57 |       |       ||    57
       Whip              |       |    41 |    52 |       ||    93
       Flail             |       |       |   107 |       ||   107
       Morningstar       |       |       |   173 |   159 ||   332
       Long sword        |       |       |     1 |       ||     1
       Demon whip        |       |       |       |    98 ||    98
Invok: Berserk           |     1 |     4 |     6 |     3 ||    14
  Use: Scroll            |     3 |     3 |     7 |     9 ||    22
       Potion            |       |       |     3 |     3 ||     6
Armor: Ring mail         |    25 |    14 |       |       ||    39
       Animal skin       |     2 |       |       |       ||     2
       Chain mail        |       |    40 |       |       ||    40
       Plate armour      |       |     5 |   128 |    46 ||   179
Dodge: Dodged            |    42 |    95 |   160 |   103 ||   400
Block: Kite shield       |       |       |    19 |   140 ||   159

Table legend: (Time is in decaauts)
 A = Elapsed time spent in this place.
 B = Non-inter-level travel time spent in this place.
 C = Inter-level travel time spent in this place.
 D = Time resting spent in this place.
 E = Time spent auto-exploring this place.
 F = Levels seen in this place.
 G = Mean time per level.
                   A        B        C        D        E       F      G
               +--------+--------+--------+--------+--------+-----+--------+
         Total |  10245 |  10245 |      0 |   1290 |   3520 |  11 |  931.4 |
       Dungeon |  10245 |  10245 |      0 |   1290 |   3520 |  11 |  931.4 |
               +--------+--------+--------+--------+--------+-----+--------+

Top non-repeatable levels by time:
     D:7: 1342 daAuts
     D:3: 1219 daAuts
     D:9: 1211 daAuts
     D:6: 1094 daAuts
     D:5: 975 daAuts
     D:1: 867 daAuts
     D:4: 858 daAuts
    D:10: 850 daAuts
     D:8: 803 daAuts
     D:2: 625 daAuts
    D:11: 396 daAuts
